 Dungeon Crawl Stone Soup version 0.19-a0-1831-gd4c818f (webtiles) character file.

1316 Proteus the Covert (level 8, -2/39 HPs)
             Began as a Spriggan Assassin on Oct 8, 2016.
             Was a Follower of Okawaru.
             Slain by an iguana (10 damage)
             ... on level 6 of the Dungeon.
             The game lasted 01:02:10 (7238 turns).

Proteus the Covert (Spriggan Assassin)              Turns: 7238, Time: 01:02:11

Health: -2/39      AC:  4    Str:  7    XL:     8   Next: 33%
Magic:  9/9        EV: 20    Int: 15    God:    Okawaru [*.....]
Gold:   226        SH:  0    Dex: 19    Spells: 0 memorised, 7 levels left

rFire  . . .     SeeInvis +     a - +2 dagger
rCold  + . .     Gourm    .     h - +0 robe
rNeg   . . .     Faith    .     (shield restricted)
rPois  .         Spirit   .     (helmet restricted)
rElec  .         Dismiss  .     d - +1 cloak
rCorr  .         Reflect  .     (gloves unavailable)
MR     +....     Harm     .     (boots unavailable)
Stlth  ++++++....               (no amulet)
                                q - +2 ring of intelligence
                                l - ring of protection from cold

@: hasted, very quick
A: unfitting armour, see invisible, herbivore 3, speed 3, slow metabolism 2
a: Heroism, Renounce Religion


You were on level 6 of the Dungeon.
You worshipped Okawaru.
Okawaru was aware of your devotion.
You were full.

You visited 2 branches of the dungeon, and saw 7 of its levels.

You collected 226 gold pieces.

Inventory:

Hand Weapons
 a - a +2 dagger (weapon)
 b - a +0 blowgun
 m - a +1 short sword of holy wrath
Missiles
 e - 32 poisoned needles
Armour
 d - a +1 cloak (worn)
 h - a +0 robe (worn)
Jewellery
 l - a ring of protection from cold (left hand)
 o - an uncursed ring of ice
 q - a +2 ring of intelligence (right hand)
Wands
 n - a wand of hasting (6/9)
 t - a wand of teleportation (3/9)
Scrolls
 j - 2 scrolls of remove curse
 r - 3 scrolls of identify
 s - a scroll of fear
Potions
 i - 2 potions of flight
 k - 2 potions of magic
Books
 p - a book of Misfortune

   Spells                             Type                      Level
   a - Confusing Touch                Hexes                        1
   b - Confuse                        Hexes                        3
   c - Gell's Gravitas                Hexes/Translocation          3
   d - Petrify                        Transmutation/Earth          4
   e - Metabolic Englaciation         Hexes/Ice                    5
   f - Yara's Violent Unravelling     Hexes/Transmutation          5
Comestibles
 c - 3 fruits
 g - 3 bread rations


   Skills:
 + Level 2.7 Fighting
 + Level 3.4 Short Blades
 + Level 3.2 Throwing
 + Level 4.4 Dodging
 + Level 13.7 Stealth


You had 7 spell levels left.
You didn't know any spells.

Dungeon Overview and Level Annotations

Branches:
Dungeon (6/15)             Temple (1/1) D:5

Altars:
Dithmenos
Fedhas
Kikubaaqudgha
Makhleb
Okawaru
Ru
Trog
Uskayaw
Vehumet
Xom
Yredelemnul
Zin
The Shining One


Innate Abilities, Weirdness & Mutations

You are very small and have problems with some larger weapons.
You are too small for most types of armour.
You have supernaturally acute eyesight. (SInv)
You are a herbivore.
You cover ground extremely quickly.
You need consume almost no food.


Message History

The iguana is heavily wounded.
You barely miss the iguana.
The iguana is heavily wounded.
The iguana closely misses you.
You hit the iguana but do no damage.
The iguana is heavily wounded.
The iguana closely misses you.
You hit the iguana but do no damage.
The iguana is heavily wounded.
The iguana bites you.
You hit the iguana.
The iguana is heavily wounded.
The iguana bites you.
* * * LOW HITPOINT WARNING * * *
You are too injured to fight recklessly!
You are too injured to fight recklessly!
You are too injured to fight recklessly!
You are too injured to fight recklessly!
It was a potion of haste.
You feel yourself speed up. The iguana bites you!
You die...

#≈≈.≈≈# #.#
###≈)≈.≈###.#
#.'.≈8≈.'....
#.#≈.≈.≈##...
#.#≈≈.≈≈##...
########.########%..
#.........##.# #.##
#.#..........# #.#
#..@########## #.#
<......l# #.#
##+####.# ..# ..#
+..# #..# #..#


You could see an iguana.

Vanquished Creatures
  Eustachio (D:5)
  The ghost of TZer0 the Insei, an amateur OpTm (D:3)
  2 sky beasts
  An ogre (D:6)
  A centaur (D:5)
  A bullfrog (D:6)
  2 scorpions
  A howler monkey (D:6)
  A crimson imp (D:6)
  A jelly (D:6)
  An orc wizard (D:4)
  An iguana (D:4)
  Natasha (thrice) (D:2)
  6 worker ants
  A howler monkey zombie (D:5)
  A worker ant zombie (D:5)
  6 adders
  An ooze (D:4)
  4 worms
  2 dart slugs
  A leopard gecko (D:2)
  13 orcs
  A ball python (D:1)
  8 bats
  3 giant cockroaches (D:2)
  6 hobgoblins
  4 jackals
  9 kobolds
  2 quokkas
  8 frilled lizards
  9 goblins
  A leopard gecko skeleton (D:5)
  2 rats (D:1)
105 creatures vanquished.

Notes
Turn   | Place    | Note
-------+----------+-------------------------------------------
     0 | D:1      | Proteus the Spriggan Assassin began the quest for the Orb.
     0 | D:1      | Reached XP level 1. HP: 10/10 MP: 2/2
     5 | D:1      | Reached skill level 6 in Stealth
   123 | D:1      | Reached XP level 2. HP: 14/14 MP: 3/3
   512 | D:1      | Reached skill level 7 in Stealth
  1135 | D:2      | Reached XP level 3. HP: 15/18 MP: 4/4
  1262 | D:2      | Noticed Natasha
  1272 | D:2      | Killed Natasha
  1272 | D:2      | Reached skill level 8 in Stealth
  1617 | D:2      | Reached XP level 4. HP: 22/22 MP: 5/5
  1620 | D:2      | Noticed Natasha
  1630 | D:2      | Killed Natasha
  1637 | D:2      | Reached skill level 9 in Stealth
  2276 | D:2      | Noticed Natasha
  2284 | D:2      | Killed Natasha
  2284 | D:2      | Reached XP level 5. HP: 25/25 MP: 6/6
  2525 | D:3      | Noticed TZer0's ghost (amateur OpTm)
  2885 | D:2      | HP: 1/25 [orc/club (5)]
  3332 | D:3      | Killed TZer0's ghost
  3332 | D:3      | Reached skill level 11 in Stealth
  3332 | D:3      | Reached XP level 6. HP: 20/30 MP: 7/7
  3545 | D:3      | Found a glowing golden altar of the Shining One.
  4451 | D:4      | Reached skill level 12 in Stealth
  5317 | D:4      | Reached XP level 7. HP: 33/33 MP: 8/8
  5515 | D:5      | Entered Level 5 of the Dungeon
  5515 | D:5      | Noticed Eustachio
  5517 | D:5      | Killed Eustachio
  5517 | D:5      | Reached skill level 13 in Stealth
  5662 | D:5      | Found a staircase to the Ecumenical Temple.
  5689 | Temple   | Entered the Ecumenical Temple
  5974 | Temple   | Became a worshipper of Warmaster Okawaru
  6117 | D:5      | Found a sacrificial altar of Ru.
  6918 | D:6      | Reached XP level 8. HP: 39/39 MP: 9/9
  6955 | D:6      | Reached * piety under Okawaru
  7238 | D:6      | Slain by an iguana

Vault maps used:
D:1:      dpeg_arrival_pits
D:2:      minmay_surrounded, uniq_natasha
D:3:      first_bread, hangedman_abyss_or_decor_lesser_grid,
          nicolae_tso_swordbearing_angel
D:4:      minmay_wonky_spiral
D:5:      nicolae_ru_sacrificial_ziggurat, uniq_eustachio
D:6:      marbit_many_paths, kennysheep_little_box, grunt_temple_overflow_open,
          minmay_stone_trees_large, grunt_decor_one_mirror,
          kennysheep_generic_room_13
Temple:   minmay_temple_forest_path

Skill      XL: |  1  2  3  4  5  6  7  8 |
---------------+-------------------------+-----
Stealth        | 6 7 8 9 11 12 13 | 13.7
Dodging        | 3 4 |  4.4
Fighting       | 2 |  2.7
Short Blades   | 3 |  3.4
Throwing       | 3 |  3.2

Action                   |  1- 3 |  4- 6 |  7- 9 || total
-------------------------+-------+-------+-------++-------
Melee: Dagger            |    90 |   239 |   115 ||   444
 Fire: Blowgun           |       |    14 |     3 ||    17
  Use: Scroll            |       |    10 |     2 ||    12
       Potion            |       |     7 |     1 ||     8
 Stab: Sleeping          |     6 |    21 |    17 ||    44
       Distracted        |       |       |     2 ||     2
  Eat: Fruit             |       |     3 |       ||     3
       Bread ration      |       |       |     1 ||     1
Armor: Robe              |    17 |    20 |     7 ||    44
Dodge: Dodged            |    85 |   138 |    65 ||   288
